 Dungeon Crawl Stone Soup version 0.29.0-4-gdea44cf6ec (webtiles) character file.

Game seed: 14702038288653681652

116 qw the Chopper (level 5, 0/30 HPs)
             Began as a Tengu Warper on Aug 28, 2022.
             Slain by a gnoll
             ... wielding a +0 spear
              (8 damage)
             ... on level 2 of the Dungeon.
             The game lasted 00:00:10 (2294 turns).

qw the Chopper (Tengu Warper)                       Turns: 2294, Time: 00:00:11

Health: 0/30       AC:  5    Str: 13    XL:     5   Next: 0%
Magic:  9/9        EV: 13    Int: 13    God:
Gold:   121        SH:  0    Dex: 14    Spells: 8/8 levels left

rFire   . . .      SeeInvis .   Y - +2 broad axe (vorpal)
rCold   . . .      Faith    .   (no shield)
rNeg    . . .      Spirit   .   d - +0 ring mail
rPois   .          Reflect  .   (helmet restricted)
rElec   .          Harm     .   (no cloak)
rCorr   .          Rampage  .   (no gloves)
Will    .....                   (boots unavailable)
Stlth   +.........              (no amulet)
HPRegen 0.10/turn               (no ring)
MPRegen 0.11/turn               (no ring)

@: flying quickly and evasively, quick
A: beak, talons 3, nimble flight
a: no special abilities


You were on level 2 of the Dungeon.
You visited 1 branch of the dungeon, and saw 2 of its levels.

You collected 121 gold pieces.


Innate Abilities, Weirdness & Mutations

You have a beak for a mouth.
You have claws for feet.
Your magical nature lets you fly swiftly and evasively.


   Skills:
 - Level 2.0 Fighting
 + Level 5.5 Axes
 - Level 1.0 Throwing
 - Level 1.1 Armour
 - Level 2.1 Dodging
 - Level 2.0 Spellcasting
 - Level 2.4 Translocations


You had 8 spell levels left.
You didn't know any spells.
Your spell library contained the following spells:

 Spells                   Type           Power      Damage    Failure   Level
 Blink                    Tloc           14%        N/A       30%         2
 Gell's Gravitas          Tloc           7%         N/A       52%         3
 Lesser Beckoning         Tloc           7%         N/A       52%         3
 Teleport Other           Tloc           7%         N/A       52%         3
 Manifold Assault         Tloc           7%         N/A       99%         5

Inventory:

Hand Weapons
 j - a +0 whip
 Y - a +2 vorpal broad axe (weapon)
Missiles
 b - 4 boomerangs (quivered)
Armour
 d - a +0 ring mail (worn)
 e - a +0 scale mail
 f - the +1 leather armour of Midwinter {rElec rPois rC- Int+5}
   (You found it on level 2 of the Dungeon)

   Int:       It affects your intelligence (+5).
   rC:        It makes you vulnerable to cold.
   rElec:     It insulates you from electricity.
   rPois:     It protects you from poison.
 k - a +0 buckler
Jewellery
 l - a ring of flight
Scrolls
 a - 4 scrolls of enchant armour
 c - a scroll of silence {unknown}
 g - 2 scrolls of identify
Potions
 h - a potion of brilliance {unknown}
 i - a potion of haste

Dungeon Overview and Level Annotations

Branches:
Dungeon (2/15)

Altars:

Shops:
D:1 (

Annotations:
D:2 1 runed translucent door, Crazy Yiuf


Message History

The gnoll shouts!
Throw: 5 boomerangs
Press: ? - help, Q - select action Shift-Dir - straight line, f - gnoll You throw a boomerang.
The boomerang hits the gnoll!
The gnoll is heavily wounded.
A gnoll comes into view. It is wielding a +0 spear.
2283 ||| Stepping ~*~*~tactically~*~*~ (stealth).
You closely miss the gnoll.
The gnoll is heavily wounded.
The gnoll barely misses you.
You slash the gnoll!
You kill the gnoll!
You closely miss the gnoll.
The gnoll is heavily wounded.
The gnoll closely misses you.
You slash the gnoll!
You kill the gnoll!
The gnoll hits you but does no damage.
You barely miss the gnoll.
The gnoll shouts!
The gnoll hits you with a +0 whip!
The gnoll hits you from afar with a +0 spear.
You barely miss the gnoll. You claw the gnoll. You peck the gnoll.
The gnoll is heavily wounded.
The gnoll closely misses you.
The gnoll hits you from afar with a +0 spear.
The gnoll completely misses you. The gnoll hits you but does no damage.
You barely miss the gnoll.
The gnoll is heavily wounded.
The gnoll hits you but does no damage. The gnoll barely misses you.
You slash the gnoll!
You kill the gnoll!
The gnoll completely misses you.
You have reached level 5!
Your magical nature develops, letting you fly swiftly and evasively.
The gnoll hits you with a +0 spear.
Items here: % ))).
You closely miss the gnoll. Your kick misses the gnoll.
The gnoll hits you with a +0 spear. The gnoll hits you with a +0 spear!
You die...

##### ....# ....# ....# ....#
######### ....###### #.g......
..###....# #@# #.)......# #.#
#........# #.# #.....^..# #.#
.........#######.### ##### #
..................>###...#.#.#
...:.....#####.....#..........
#........# ##...##.#..........
#........###..#.##.#).)....##.


You could see a gnoll.

Vanquished Creatures
  Terence (D:2)
  3 gnolls (D:2)
  2 adders (D:2)
  A dart slug (D:1)
  2 bats
  7 endoplasms
  A giant cockroach (D:2)
  4 goblins
  A hobgoblin (D:1)
  3 jackals (D:2)
  5 kobolds
  5 quokkas
  2 ball pythons
  2 frilled lizards (D:2)
  2 rats
41 creatures vanquished.

Notes
Turn   | Place    | Note
-------+----------+-------------------------------------------
     0 | D:1      | qw the Tengu Warper began the quest for the Orb.
     0 | D:1      | Reached XP level 1. HP: 12/12 MP: 4/4
     0 | D:1      | 0 ||| qw: Version: 0.1-a-89-g26bdef1
     0 | D:1      | 0 ||| qw: Game counter: 266
     0 | D:1      | 0 ||| qw: Always use a shield: true
     0 | D:1      | 0 ||| qw: God list: Okawaru
     0 | D:1      | 0 ||| qw: Allow faded altars: false
     0 | D:1      | 0 ||| qw: Do Orc after D:15 true
     0 | D:1      | 0 ||| qw: Do second Lair branch before Depths: true
     0 | D:1      | 0 ||| qw: Lair rune preference: random
     0 | D:1      | 0 ||| qw: Plans: Normal
     0 | D:1      | 0 ||| PLANNING D:1-11
   201 | D:1      | HP: 2/12 [quokka (4)]
   489 | D:1      | Reached XP level 2. HP: 12/17 MP: 6/6
   493 | D:1      | Reached skill level 3 in Axes
   753 | D:1      | 753 ||| Stepping ~*~*~tactically~*~*~ (stealth).
   754 | D:1      | 754 ||| Stepping ~*~*~tactically~*~*~ (stealth).
   756 | D:1      | 756 ||| Stepping ~*~*~tactically~*~*~ (stealth).
   867 | D:1      | 867 ||| SWAPPING to +1 vorpal broad axe.
   868 | D:1      | 868 ||| DROPPING +0 hand axe.
  1111 | D:1      | Found Yzoidad's Antique Weapon Shop.
  1194 | D:1      | 1194 ||| DROPPING +0 club.
  1234 | D:1      | Reached XP level 3. HP: 21/21 MP: 7/7
  1441 | D:1      | 1441 ||| SHOPLISTING glowing flail (175 gold, have 82).
  1441 | D:1      | 1441 ||| UPGRADING to +0 ring mail.
  1451 | D:1      | 1451 ||| DROPPING +0 leather armour.
  1452 | D:1      | 1452 ||| READING 3 scrolls labelled EBBE TEGRIRICK.
  1453 | D:1      | 1453 ||| READING scroll labelled JOMECE XOJIM.
  1454 | D:1      | 1454 ||| READING scroll labelled UMIEDGH ZYALITU.
  1455 | D:1      | 1455 ||| READING scroll labelled KYN UBIATUAVIDGH.
  1456 | D:1      | 1456 ||| READING 2 scrolls of identify.
  1456 | D:1      | 1456 ||| IDENTIFYING emerald potion
  1457 | D:1      | 1457 ||| DROPPING scroll of blinking.
  1551 | D:2      | Reached skill level 4 in Axes
  1825 | D:2      | Noticed Terence
  1826 | D:2      | 1826 ||| Stepping ~*~*~tactically~*~*~ (hiding).
  1828 | D:2      | 1828 ||| Stepping ~*~*~tactically~*~*~ (hiding).
  1838 | D:2      | Killed Terence
  1839 | D:2      | Reached XP level 4. HP: 15/26 MP: 8/8
  1982 | D:2      | Identified the +1 leather armour of Midwinter {rElec rPois
                  | rC- Int+5}
  2081 | D:2      | Reached skill level 5 in Axes
  2213 | D:2      | Found a runed translucent door.
  2214 | D:2      | Noticed Crazy Yiuf
  2280 | D:2      | 2280 ||| Stepping ~*~*~tactically~*~*~ (stealth).
  2283 | D:2      | 2283 ||| Stepping ~*~*~tactically~*~*~ (stealth).
  2293 | D:2      | Gained mutation: Your magical nature lets you fly swiftly
                  | and evasively. [Tengu growth]
  2293 | D:2      | Reached XP level 5. HP: 17/30 MP: 9/9
  2294 | D:2      | Slain by a gnoll

Levels and vault maps discovered:
D:1:      saegor_arrival_simple_d, layout_basic, serial_shops,
          nicolae_shop_window_shopping, minmay_pentomino_u2
D:2:      layout_basic, dreamdust_ecumenical_altar_angels_and_demons,
          uniq_crazy_yiuf_cottage, uniq_terence

Skill      XL: |  1  2  3  4 |
---------------+-------------+-----
Axes           | 3 4 5 |  5.5
Fighting       | |  2.0
Throwing       | |  1.0
Armour         | |  1.1
Dodging        | |  2.1
Spellcasting   | |  2.0
Translocations | |  2.4

Action                   |  1- 3 |  4- 6 || total
-------------------------+-------+-------++-------
Melee: Hand axe          |    27 |       ||    27
       Kick              |    15 |     3 ||    18
       Peck              |    10 |     2 ||    12
       Broad axe         |    48 |    24 ||    72
Throw: Boomerang         |     7 |    15 ||    22
  Use: Scroll            |     5 |       ||     5
Armor: Leather armour    |    10 |       ||    10
       Ring mail         |     6 |     6 ||    12
Dodge: Dodged            |    54 |    15 ||    69

Table legend:
 A = Non-vault XP
 B = Vault XP
 C = Vault XP percentage of total XP
 D = Non-vault monster count
 E = Vault monster count
 F = Vault count percentage of total count
                 A         B        C        D         E       F
            +---------+---------+-------+---------+---------+-------
      Total |     128 |      38 |  22.9 |      39 |       2 |   4.9
            +---------+---------+-------+---------+---------+-------
        D:1 |      33 |       2 |   5.7 |      17 |       1 |   5.6
        D:2 |      95 |      36 |  27.5 |      22 |       1 |   4.3
            +---------+---------+-------+---------+---------+-------
